 Dungeon Crawl Stone Soup version 0.30-a0-553-g7fabdf1491 (webtiles) character file.

Game seed: 13081623535564780467

1 drugrobin the Sneak (level 1, -3/18 HPs)
             Began as a Demigod Delver on Dec 27, 2022.
             Frozen to death by an endoplasm (5 damage)
             ... on level 3 of the Dungeon.
             The game lasted 00:05:20 (413 turns).

drugrobin the Sneak (Demigod Delver)                 Turns: 413, Time: 00:05:21

Health: -3/18      AC:  3    Str: 19    XL:     1   Next: 13%
Magic:  3/3        EV: 12    Int: 12    God:
Gold:   43         SH:  0    Dex: 15    Spells: 0/0 levels left

rFire   . . .      SeeInvis .      - Unarmed
rCold   . . .      Faith    .    (no shield)
rNeg    + . .      Spirit   .    a - +0 leather armour
rPois   .          Reflect  .    (no helmet)
rElec   +          Harm     .    (no cloak)
rCorr   .          Rampage  .    (no gloves)
Will    .....                    (no boots)
Stlth   +++                      (no amulet)
HPRegen 0.23/turn                j - ring "Miosuxut" {*Corrode rElec rN+ Str+6}
MPRegen 0.08/turn                (no ring)

@: no status effects
A: high MP 1, forlorn, divine attributes
a: no special abilities


You were on level 3 of the Dungeon.
You visited 2 branches of the dungeon, and saw 4 of its levels.

You collected 43 gold pieces.

Inventory:

Missiles
 h - 7 stones (quivered)
Armour
 a - a +0 leather armour (worn)
Jewellery
 j - the ring "Miosuxut" (left hand) {*Corrode rElec rN+ Str+6}
   (You found it on level 3 of the Dungeon)

   [ring of positive energy]

   Str:       It affects your strength (+6).
   rElec:     It insulates you from electricity.
   rN:        It protects you from negative energy.
   *Corrode:  It may corrode you when you take damage.
Wands
 f - a wand of digging (1)
Scrolls
 b - a scroll of fog
 d - 2 scrolls of enchant armour {unknown}
 g - a scroll of identify {unknown}
Potions
 c - a potion of ambrosia {unknown}
 e - a potion of haste
 i - 2 potions of lignification {unknown}


   Skills:
 - Level 2.6 Fighting
 - Level 1.7 Dodging
 - Level 4.5 Stealth
 + Level 1.9 Unarmed Combat


You couldn't memorise any spells.
You didn't know any spells.
Your spell library contained the following spells:

 Spells                   Type           Power      Damage    Failure   Level
 Leda's Liquefaction      Hex/Erth       0%         N/A       98%         4
 Lee's Rapid Deconstruct  Erth           0%         3d4*      100%        5
 Statue Form              Tmut/Erth      0%         N/A       100%        6


Dungeon Overview and Level Annotations

Branches:
Dungeon (5/15)             Temple (1/1) D:5

Shops:
D:5 [

Annotations:
D:3 Pargi
D:5 1 runed translucent door, exclusions: howler monkey, ice beast and jelly


Innate Abilities, Weirdness & Mutations

You have an increased reservoir of magic. (+10% MP)
You shall have no god before yourself.
Your divine heritage dramatically boosts your attributes as you level up.


Message History

Unknown command.
Unknown command.
Unknown command.
Unknown command.
You hit the endoplasm but do no damage. The endoplasm hits you.
Unknown command.
Unknown command.
You barely miss the endoplasm. The endoplasm freezes you.
You are frozen.
Unknown command.
Unknown command.
Unknown command.
You hit the endoplasm.
The endoplasm is lightly wounded.
The endoplasm freezes you.
You are frozen.
Unknown command.
Unknown command.
You hit the endoplasm.
The endoplasm is severely wounded.
The endoplasm freezes you.
You are frozen.
* * * LOW HITPOINT WARNING * * *
Unknown command.
Unknown command.
Unknown command.
You hit the endoplasm but do no damage.
The endoplasm is severely wounded.
The endoplasm hits you.
* * * LOW HITPOINT WARNING * * *
Unknown command.
Unknown command.
Unknown command.
Unknown command.
You hit the endoplasm but do no damage.
The endoplasm is severely wounded.
The endoplasm freezes you.
You are frozen.
You die...

#.....# ***,,,,,,,,, #### #.....#
***,,***** ...#**#.....###**####
**,** .#.##..#.##..#.##...# *,,*
.#*,#..##.#..##.#...# **,**
*....##....##....##.# *,,**
,,##.#..##.#..##.#..#***#****,,**
*,**,.*,*#..#.##..#,##...,,,,,,,,
#,,,,**....##...@##g.....,,,,,,,,
,*,**,,#.##..#.##J.w....(,,,,,,,,
,**,*,,#*,#,.##.#.....#~#*~~~~~**
*,,,,**,,,,##,,..##...#,**~~~~~**
,,**,*,,**,*,,*#?*,...=.~~,,,,,~~
*,**,,*,**,,*,*#.,*+#.#.~~,,,,,~~
*,,,,**,,,,**,,..**,*....,,,∩,,~~
,*,**,,*,**,,*,##,,,*,..~~,,,,~~~
,**,*,,**,*,,**,*,,,,,,.~~,,,,,~~


You could see a worm and an endoplasm.

Vanquished Creatures
  A hobgoblin (D:4)
1 creature vanquished.

Notes
Turn   | Place    | Note
-------+----------+-------------------------------------------
     0 | D:5      | drugrobin the Demigod Delver began the quest for the Orb.
     0 | D:5      | Reached XP level 1. HP: 18/18 MP: 3/3
     2 | D:5      | Noticed a howler monkey
    17 | D:5      | Noticed a jelly
    29 | D:5      | Found a staircase to the Ecumenical Temple.
    38 | Temple   | Entered the Ecumenical Temple
   107 | D:5      | Noticed an ice beast
   111 | D:5      | Found a runed translucent door.
   246 | D:5      | Found Xaqytoicw's Antique Armour Boutique.
   249 | D:5      | Noticed a hound
   286 | D:3      | Noticed Pargi
   395 | D:3      | Identified the ring "Miosuxut" {*Corrode rElec rN+ Str+6}
   413 | D:3      | Frozen to death by an endoplasm

Illustrated notes

Levels and vault maps discovered:
D:3:      layout_basic, cheibrodos_sewer_entry_sluice, nicolae_eternal_life,
          grunt_ministairs_4, item_on_display_a, uniq_pargi
D:4:      layout_rooms, kennysheep_okawaru_gauntlet, glass_columns_c,
          dk_noncrumbling_3, kennysheep_generic_room_3, uniq_edmund
D:5:      layout_rooms, minmay_temple_entry_statues_pillars,
          ebering_ghost_sewer_f, serial_shops,
          nicolae_shop_temple_entry_statues_fountains, dk_noncrumbling_2
Temple:   nicolae_temple_hex_pool

Action                   || total
-------------------------++-------
Melee: Unarmed           ||    16
Evoke: Wand              ||     2
  Use: Scroll            ||     2
Armor: Leather armour    ||     5
Dodge: Dodged            ||     4

Table legend: (Time is in decaauts)
 A = Elapsed time spent in this place.
 B = Non-inter-level travel time spent in this place.
 C = Inter-level travel time spent in this place.
 D = Time resting spent in this place.
 E = Time spent auto-exploring this place.
 F = Levels seen in this place.
 G = Mean time per level.
                   A        B        C        D        E       F      G
               +--------+--------+--------+--------+--------+-----+--------+
         Total |    411 |    406 |      5 |     65 |     30 |   4 |  102.8 |
       Dungeon |    410 |    405 |      5 |     65 |     30 |   3 |  136.7 |
        Temple |      1 |      1 |      0 |      0 |      0 |   1 |    1.0 |
               +--------+--------+--------+--------+--------+-----+--------+

Top non-repeatable levels by time:
     D:5: 251 daAuts
     D:3: 140 daAuts
     D:4: 18 daAuts
  Temple: 1 daAuts
